 Dungeon Crawl Stone Soup version 0.26.0-18-gc5c842f807 (webtiles) character file.

Game seed: 13201408210207366129

662 casanoah the Gusty (level 7, 0/37 HPs)
             Began as a Tengu Air Elementalist on Jan 23, 2021.
             Slain by a gnoll
             ... wielding a +0 halberd
              (9 damage)
             ... on level 4 of the Dungeon.
             The game lasted 00:07:29 (5094 turns).

casanoah the Gusty (Tengu Air Elementalist)         Turns: 5094, Time: 00:07:29

Health: 0/37       AC:  8    Str:  8    XL:     7   Next: 56%
Magic:  13/15      EV: 16    Int: 18    God:
Gold:   180        SH:  0    Dex: 14    Spells: 5/15 levels left

rFire    . . .     SeeInvis .   g - +2 quarterstaff (chaos)
rCold    . . .     Faith    .   (shield currently unavailable)
rNeg     . . .     Spirit   .   a - +0 robe
rPois    .         Reflect  .   (helmet restricted)
rElec    .         Harm     .   h - +1 cloak
rCorr    .         Rampage  .   (no gloves)
Will     .....                  (boots unavailable)
Stlth    ++........             (no amulet)
HPRegen  0.12/turn              e - +4 ring of protection
MPRegen  0.14/turn              (no ring)

@: sluggish, flying quickly and evasively, very slow
A: beak, talons 3, able to fly
a: Stop Flying


You were on level 4 of the Dungeon.
You visited 1 branch of the dungeon, and saw 4 of its levels.

You collected 180 gold pieces.

Inventory:

Hand Weapons
 g - a +2 quarterstaff of chaos (weapon)
Armour
 a - a +0 robe (worn)
 h - a +1 cloak (worn)
Jewellery
 e - a +4 ring of protection (left hand)
 m - an uncursed ring of protection from fire {unknown}
 n - a +4 ring of protection
 t - an uncursed ring of positive energy
Wands
 o - a wand of digging (2)
Scrolls
 b - a scroll of amnesia
 c - 2 scrolls of remove curse
 k - a scroll of identify
 q - 2 scrolls of teleportation
Potions
 f - a potion of degeneration
 i - 2 potions of lignification {unknown}
 l - a potion of invisibility {unknown}
 p - a potion of magic {unknown}
 r - a potion of curing {unknown}


   Skills:
 + Level 0.6 Fighting
 + Level 1.4 Staves
 + Level 3.0 Dodging
 + Level 3.1 Stealth
 + Level 4.7 Spellcasting
 + Level 4.8 Conjurations
 + Level 6.3 Air Magic


You had 5 spell levels left.
You knew the following spells:

 Your Spells              Type           Power        Failure   Level
a - Shock                 Conj/Air       96%          1%          1
b - Swiftness             Air            27%          1%          2
c - Static Discharge      Conj/Air       24%          4%          3
d - Airstrike             Air            13%          10%         4

Your spell library contained the following spells:

 Spells                   Type           Power        Failure   Level
 Lightning Bolt           Conj/Air       12%          36%         5


Dungeon Overview and Level Annotations

Branches:
Dungeon (4/15)
 Temple: D:4-7

Altars:
Dithmenos
Sif Muna
Xom


Innate Abilities, Weirdness & Mutations

You have a beak for a mouth.
You have claws for feet.
You can fly continuously.


Message History

Confirm with . or Enter, or press ? or * to list all spells.
Aiming: Shock (safe; 1% risk of failure)
Press: ? - help, Shift-Dir - straight line, f/p - wight
Aim: a wight, wielding a +0 vorpal trident and wearing a +0 robe (heavily damaged, 26% to evade)
Okay, then.
The walls and floor vibrate strangely for a moment.
Casting: Shock (safe; 1% risk of failure)
Confirm with . or Enter, or press ? or * to list all spells.
You feel quick.
You start to feel a little slower.
You see here an orc corpse.
You feel sluggish.
The gnoll shouts!
The gnoll hits you from afar with a +0 halberd.
* * * LOW HITPOINT WARNING * * *
The gnoll completely misses you.
You start to feel a little faster.
The gnoll closely misses you. The gnoll barely misses you.
The gnoll hits you from afar with a +0 halberd!
You die...

#.# #.))..#.# #.#
#.###.#.# #.# #.#
#.#.# #.####.# #g#.#
####.#.#....###.#.#
.........>.....#.#.#
.####.#.#.g......#.#
#.#.#.)###.###.#
##.#.#@.###.# #.#
.............# #z#
....#.#..##### #.#
## #.#......# #.#
#^#.####.# #.# #.#
#.# #.# #.# ... #.#
... #.#


You could see a gnoll.

Vanquished Creatures
  An ogre (D:4)
  A bullfrog (D:2)
  A wight (D:4)
  Crazy Yiuf (D:2)
  A gnoll shaman (D:3)
  A bullfrog skeleton (D:4)
  An orc priest (D:4)
  Terence (D:3)
  Natasha (thrice) (D:2)
  An iguana (D:4)
  An orc wizard (D:4)
  6 adders (D:3)
  8 gnolls
  A worm (D:2)
  A dart slug (D:2)
  A leopard gecko (D:1)
  6 orcs
  9 bats
  7 giant cockroaches
  6 goblins
  7 hobgoblins
  A quokka (D:4)
  A ball python (D:3)
  2 frilled lizards
  8 kobolds
  A quokka skeleton (D:4)
  6 rats
84 creatures vanquished.

Notes
Turn   | Place    | Note
-------+----------+-------------------------------------------
     0 | D:1      | casanoah the Tengu Air Elementalist began the quest for the
                  | Orb.
     0 | D:1      | Reached XP level 1. HP: 10/10 MP: 4/4
   165 | D:1      | Reached XP level 2. HP: 15/15 MP: 0/6
   524 | D:1      | You fall into a shaft and drop 1 floor!
   524 | D:2      | Found a runed translucent door.
   525 | D:2      | Noticed Crazy Yiuf
   531 | D:2      | Killed Crazy Yiuf
   532 | D:2      | Reached skill level 5 in Air Magic
   532 | D:2      | Reached XP level 3. HP: 8/19 MP: 0/7
   858 | D:2      | Found a shadowy altar of Dithmenos.
   984 | D:2      | Noticed Natasha
  1028 | D:2      | Killed Natasha
  1029 | D:2      | Reached XP level 4. HP: 24/24 MP: 0/8
  1237 | D:2      | Noticed Natasha
  1252 | D:2      | Killed Natasha
  1454 | D:1      | Learned a level 2 spell: Swiftness
  1458 | D:1      | Learned a level 3 spell: Static Discharge
  1773 | D:2      | Found a shimmering altar of Xom.
  1877 | D:2      | Noticed a bullfrog
  1893 | D:2      | Killed a bullfrog
  1894 | D:2      | Gained mutation: You can fly continuously. [Tengu growth]
  1894 | D:2      | Reached XP level 5. HP: 7/28 MP: 1/10
  2615 | D:2      | Reached XP level 6. HP: 32/32 MP: 0/12
  2941 | D:2      | Noticed Natasha
  2951 | D:2      | Killed Natasha
  3300 | D:3      | Noticed Terence
  3498 | D:2      | Learned a level 4 spell: Airstrike
  3663 | D:3      | Killed Terence
  3664 | D:3      | Reached skill level 6 in Air Magic
  4208 | D:3      | Found a shimmering blue altar of Sif Muna.
  4468 | D:4      | Reached XP level 7. HP: 37/37 MP: 3/13
  4904 | D:4      | Reached skill level 1 in Staves
  5094 | D:4      | Slain by a gnoll

Illustrated notes

Levels and vault maps discovered:
D:1:      roderic_crossed_star, layout_basic
D:2:      layout_basic, overflow_temple_1_default, lemuel_tele_altar,
          uniq_crazy_yiuf_cottage, uniq_natasha
D:3:      layout_rooms, marbit_many_paths, uniq_terence
D:4:      layout_basic, enter_ossuary_4, gup_sewer_entry_pipe,
          serial_park_tiny_1

Skill      XL: |  1  2  3  4  5  6  7 |
---------------+----------------------+-----
Air Magic      | 5 6 |  6.3
Conjurations   | 2 3 4 |  4.8
Spellcasting   | 3 4 |  4.7
Dodging        | 3 |  3.0
Stealth        | 3 |  3.1
Staves         | 1 |  1.4
Fighting       | |  0.6

Action                   |  1- 3 |  4- 6 |  7- 9 || total
-------------------------+-------+-------+-------++-------
Melee: Unarmed           |     4 |       |       ||     4
       Kick              |     1 |     2 |     1 ||     4
       Quarterstaff      |       |    13 |     4 ||    17
       Peck              |       |     3 |       ||     3
 Cast: Shock             |    47 |   136 |    30 ||   213
       Static Discharge  |       |       |     2 ||     2
       Swiftness         |       |       |     1 ||     1
 Abil: Fly               |       |     1 |       ||     1
  Use: Potion            |     1 |       |       ||     1
       Scroll            |     1 |     5 |       ||     6
 Stab: Paralysed         |       |     1 |       ||     1
       Confused          |       |       |     1 ||     1
Armor: Robe              |     5 |    11 |     2 ||    18
Dodge: Dodged            |    15 |    45 |    30 ||    90
